[ AOE2 MATCH · #478177222 ]
Team RMVietnamese vs Celts
[ REPLAY ANALYSIS · EXTRACTED FROM THE RECORDED GAME ]
Feudal
—
Castle
—
Imperial
—
| APM avg | 19.1 |
| APM peak | 40 |
| eAPM avg | 7.6 |
| Villagers / military | 22 / 6 |
Focus
⚔️ 8.3% · 🌾 91.7%
Militia ×4 · Archer ×2
Feudal
—
Castle
—
Imperial
—
| APM avg | 36.1 |
| APM peak | 75 |
| eAPM avg | 14.5 |
| Villagers / military | 21 / 3 |
Focus
⚔️ 7.1% · 🌾 92.9%
Militia ×3
Feudal
13:10
Castle
—
Imperial
—
| APM avg | 17.2 |
| APM peak | 47 |
| eAPM avg | 8.5 |
| Villagers / military | 29 / 15 |
Focus
⚔️ 21.4% · 🌾 78.6%
Militia ×15
Feudal
16:40
Castle
—
Imperial
—
| APM avg | 22.8 |
| APM peak | 50 |
| eAPM avg | 7.5 |
| Villagers / military | 33 / 14 |
Focus
⚔️ 21.0% · 🌾 79.0%
Militia ×14
Match map
Initial resources + every placement click. Lines = walls · curves = elevation contours. ◆ gold · ⬟ stone · ● berries · ✦ relic · ◌ wall gap
Your base· Open — unwalled flank
Krazy's base· Open — unwalled flank
GAF_Frohbi's base· Open — 10t gap
Reju333's base· Open — unwalled flank
Smoothed initial terrain · ◌ = detected wall gap · hover for details
Inputs per minute
— Woefwaffer - - Krazy
Build order — Woefwaffer
51 actions detected in the replay
| 1:17 | Build | Town Center |
| 2:53 | Build | House |
| 3:14 | Create | Villager (Male) |
| 3:15 | Create | Villager (Male) |
| 3:27 | Create | Villager (Male) |
| 3:28 | Research | Loom |
| 4:21 | Create | Villager (Male) |
| 5:14 | Create | Villager (Male) |
| 5:34 | Build | House |
| 6:05 | Create | Villager (Male) |
| 6:06 | Create | Villager (Male) |
| 6:59 | Create | Villager (Male) |
| 7:26 | Create | Villager (Male) |
| 7:48 | Create | Villager (Male) |
| 7:48 | Create | Villager (Male) |
| 8:01 | Build | House |
| 8:30 | Create | Villager (Male) |
| 8:31 | Create | Villager (Male) |
| 8:59 | Create | Villager (Male) |
| 9:17 | Build | Barracks |
| 9:35 | Create | Villager (Male) |
| 9:35 | Create | Villager (Male) |
| 10:18 | Build | Mining Camp |
| 10:27 | Create | Villager (Male) |
| 10:34 | Build | House |
| 13:12 | Create | Villager (Male) |
| 13:44 | Research | Feudal Age |
| 14:00 | Build | House |
| 14:21 | Create | Militia |
| 14:23 | Create | Militia |
| 14:43 | Create | Villager (Male) |
| 15:10 | Build | Mill |
| 15:44 | Create | Militia |
| 15:45 | Create | Militia |
| 15:58 | Research | Man-at-Arms (upgrade) |
| 16:10 | Research | Horse Collar |
| 16:18 | Build | Archery Range |
| 16:49 | Build | Farm |
| 16:52 | Build | Farm |
| 16:55 | Build | Farm |
| 16:58 | Build | Farm |
| 17:00 | Build | Farm |
| 17:06 | Build | Farm |
| 18:18 | Create | Archer |
| 18:18 | Create | Archer |
| 18:25 | Create | Villager (Male) |
| 18:25 | Create | Villager (Male) |
| 18:26 | Create | Villager (Male) |
| 18:37 | Build | Blacksmith |
| 18:49 | Build | Farm |
| 18:56 | Build | Farm |
Build order — Krazy
41 actions detected in the replay
| 0:23 | Build | Town Center |
| 2:23 | Build | Mill |
| 3:01 | Create | Villager (Male) |
| 3:01 | Create | Villager (Male) |
| 3:01 | Create | Villager (Male) |
| 3:01 | Create | Villager (Male) |
| 3:01 | Create | Villager (Male) |
| 3:57 | Build | House |
| 4:39 | Create | Villager (Male) |
| 4:50 | Create | Villager (Male) |
| 6:11 | Build | House |
| 6:19 | Create | Villager (Male) |
| 6:19 | Create | Villager (Male) |
| 7:32 | Create | Villager (Male) |
| 7:33 | Create | Villager (Male) |
| 8:00 | Build | Lumber Camp |
| 8:12 | Build | House |
| 8:25 | Create | Villager (Male) |
| 8:25 | Create | Villager (Male) |
| 9:03 | Research | Loom |
| 9:12 | Create | Villager (Male) |
| 9:12 | Create | Villager (Male) |
| 9:53 | Build | Lumber Camp |
| 10:26 | Create | Villager (Male) |
| 10:26 | Create | Villager (Male) |
| 10:27 | Create | Villager (Male) |
| 10:27 | Create | Villager (Male) |
| 10:30 | Build | House |
| 11:00 | Build | Outpost |
| 11:30 | Create | Villager (Male) |
| 11:30 | Create | Villager (Male) |
| 13:37 | Build | Barracks |
| 14:10 | Create | Militia |
| 14:10 | Create | Militia |
| 14:10 | Create | Militia |
| 14:57 | Build | Farm |
| 15:47 | Build | Farm |
| 16:19 | Build | Farm |
| 17:13 | Build | Farm |
| 17:13 | Build | Farm |
| 17:39 | Build | Mining Camp |
Build order — GAF_Frohbi
77 actions detected in the replay
| 0:49 | Build | Town Center |
| 1:24 | Build | House |
| 2:51 | Create | Villager (Male) |
| 2:51 | Create | Villager (Male) |
| 2:51 | Create | Villager (Male) |
| 2:52 | Create | Villager (Male) |
| 4:12 | Create | Villager (Male) |
| 4:13 | Create | Villager (Male) |
| 4:40 | Build | Lumber Camp |
| 4:47 | Create | Villager (Male) |
| 5:20 | Build | House |
| 5:24 | Build | House |
| 5:38 | Create | Villager (Male) |
| 5:38 | Create | Villager (Male) |
| 5:55 | Research | Loom |
| 5:57 | Create | Villager (Male) |
| 5:58 | Create | Villager (Male) |
| 5:59 | Create | Villager (Male) |
| 5:59 | Create | Villager (Male) |
| 6:29 | Create | Villager (Male) |
| 7:32 | Build | Barracks |
| 8:00 | Create | Villager (Male) |
| 8:28 | Create | Villager (Male) |
| 8:52 | Create | Villager (Male) |
| 9:12 | Create | Villager (Male) |
| 9:36 | Create | Villager (Male) |
| 10:30 | Build | House |
| 11:00 | Research | Feudal Age |
| 11:15 | Build | Mill |
| 13:10 | Age | Feudal Age |
| 13:15 | Research | Man-at-Arms (upgrade) |
| 13:17 | Create | Villager (Male) |
| 13:17 | Create | Villager (Male) |
| 13:21 | Research | Double-Bit Axe |
| 13:33 | Build | Farm |
| 13:34 | Build | Farm |
| 13:41 | Build | Farm |
| 13:49 | Build | Farm |
| 14:08 | Create | Villager (Male) |
| 14:08 | Create | Villager (Male) |
| 14:13 | Create | Militia |
| 14:13 | Create | Militia |
| 14:14 | Create | Militia |
| 14:14 | Create | Militia |
| 14:16 | Create | Militia |
| 14:16 | Create | Militia |
| 14:44 | Build | House |
| 14:45 | Build | House |
| 14:46 | Build | House |
| 14:48 | Build | House |
| 15:02 | Research | Town Watch |
| 15:02 | Research | Wheelbarrow |
| 15:11 | Create | Militia |
| 15:21 | Build | Blacksmith |
| 15:47 | Research | Scale Mail Armor |
| 15:48 | Research | Forging |
| 15:56 | Build | Lumber Camp |
| 16:10 | Create | Villager (Male) |
| 16:13 | Create | Militia |
| 16:13 | Create | Militia |
| 17:10 | Build | House |
| 17:13 | Build | House |
| 17:16 | Build | Market |
| 17:26 | Research | Horse Collar |
| 17:28 | Create | Villager (Male) |
| 17:29 | Create | Villager (Male) |
| 17:29 | Create | Villager (Male) |
| 17:29 | Create | Villager (Male) |
| 17:34 | Build | Farm |
| 17:35 | Build | Farm |
| 17:42 | Create | Militia |
| 17:43 | Create | Militia |
| 18:50 | Create | Villager (Male) |
| 18:52 | Create | Militia |
| 18:53 | Create | Militia |
| 18:53 | Create | Militia |
| 18:53 | Create | Militia |
Build order — Reju333
73 actions detected in the replay
| 0:13 | Build | Town Center |
| 2:25 | Create | Villager (Male) |
| 2:25 | Create | Villager (Male) |
| 2:25 | Create | Villager (Male) |
| 2:30 | Build | House |
| 2:37 | Create | Villager (Male) |
| 3:52 | Create | Villager (Male) |
| 3:58 | Create | Villager (Male) |
| 4:38 | Build | Lumber Camp |
| 4:40 | Create | Villager (Male) |
| 4:48 | Build | House |
| 5:00 | Create | Villager (Male) |
| 5:16 | Create | Villager (Male) |
| 5:47 | Create | Villager (Male) |
| 6:12 | Create | Villager (Male) |
| 6:32 | Create | Villager (Male) |
| 6:48 | Build | House |
| 7:04 | Build | Mill |
| 7:07 | Create | Villager (Male) |
| 7:08 | Create | Villager (Male) |
| 7:54 | Create | Villager (Male) |
| 8:22 | Build | Barracks |
| 8:28 | Create | Villager (Male) |
| 8:44 | Create | Villager (Male) |
| 9:00 | Build | Mining Camp |
| 9:06 | Build | House |
| 9:08 | Create | Villager (Male) |
| 9:22 | Create | Militia |
| 9:26 | Build | House |
| 9:36 | Create | Militia |
| 9:53 | Create | Villager (Male) |
| 10:01 | Create | Militia |
| 10:16 | Create | Militia |
| 10:35 | Build | Barracks |
| 10:41 | Create | Villager (Male) |
| 10:43 | Research | Loom |
| 10:46 | Build | House |
| 11:04 | Create | Villager (Male) |
| 11:16 | Build | Mill |
| 11:22 | Create | Militia |
| 11:37 | Create | Villager (Male) |
| 11:55 | Create | Militia |
| 11:55 | Create | Militia |
| 12:24 | Create | Villager (Male) |
| 12:29 | Create | Villager (Male) |
| 13:08 | Create | Villager (Male) |
| 13:19 | Create | Villager (Male) |
| 13:27 | Build | House |
| 13:46 | Create | Villager (Male) |
| 14:14 | Research | Feudal Age |
| 14:45 | Build | Mill |
| 15:05 | Build | House |
| 15:06 | Build | House |
| 15:32 | Create | Villager (Male) |
| 15:40 | Create | Militia |
| 15:40 | Create | Militia |
| 15:56 | Build | Mill |
| 15:57 | Create | Villager (Male) |
| 16:16 | Create | Militia |
| 16:16 | Create | Militia |
| 16:18 | Create | Villager (Male) |
| 16:40 | Age | Feudal Age |
| 16:45 | Research | Man-at-Arms (upgrade) |
| 16:46 | Create | Villager (Male) |
| 16:54 | Build | Blacksmith |
| 17:08 | Build | Blacksmith |
| 17:27 | Build | House |
| 17:31 | Create | Militia |
| 17:32 | Create | Militia |
| 17:47 | Create | Villager (Male) |
| 18:33 | Create | Villager (Male) |
| 18:36 | Research | Arson |
| 18:37 | Create | Militia |
Match timeline
| 7:32 | GAF_Frohbi · first_building Barracks |
| 8:22 | Reju333 · first_building Barracks |
| 9:17 | Woefwaffer · first_building Barracks |
| 13:10 | GAF_Frohbi · age_up feudal |
| 13:37 | Krazy · first_building Barracks |
| 16:18 | Woefwaffer · first_building Archery Range |
| 16:40 | Reju333 · age_up feudal |
| 18:50 | Krazy · resign |
[ AI ANALYSIS · 1 CREDIT ]
What really happened in this match?
Wolo.gg analyzes every decision: build order, eco, micro, common mistakes by bracket. Personalized analysis on WhatsApp or Discord in 30 seconds.
Civ guide
Vietnamese
Map guide
African Clearing
Perfil
Jugador #2425129